Unix NetHack Version 5.0.0-0 post-release - last build May  4 2026 22:22:43 (774f63e81ad911689b3a0859ea89b322d5daca8d,branch:main).

Game began 2026-05-06 17:09:01, ended 2026-05-07 07:34:56.

DiePARTEI, chaotic female elven Priestess

                                                  ------
                                                  |....|           ---------
      -------              --------------         |....|           |.......|
      |...{`.#             |...........<|         |.....#          |...>...|
      |.....|#             |............|        #|....|###########........|
      |.....|#             |......`.....|        #|[...|#          |.......|
      ---|---##           #-............|        #------#          +.......|
         #    #           #|............|       ##########         |.......|
         #    #           #-----.--------       ####### ##         -.-------
         #    #           ###   #                  #                ##
         #    #             ##                     ##                #
         #################   #     #     #          #                #
              #          ##################         #                ##
              #              # #####-----.--------+-#                 ####
              #              ##     |..............|#         . ---+-----.---
              ####-----------#      |..............|#         |r.....@.{....|
                 #..........|#      |.............[)#         |........a....|
                  |..........#      ----------------          |...!.........|
                  -----------                                 ---------------

DiePARTEI the Adept          St:5 Dx:12 Co:14 In:10 Wi:18 Ch:11  Chaotic
Dlvl:7  $:345 HP:0(49) Pw:100(100) AC:3  Xp:6 T:2956  Burdened

Latest messages:
 The killer bee stings!
 The killer bee stings!
 You miss the killer bee.
 The killer bee misses!
 You miss the killer bee.
 The killer bee stings!
 You hit the killer bee.
 The killer bee misses!
 The killer bee misses!
 The killer bee misses!
 You hit the killer bee.
 The killer bee misses!
 The killer bee stings!
 You miss the killer bee.
 The killer bee stings!
 You miss the killer bee.
 The killer bee stings!
 The killer bee stings!
 The killer bee's sting was poisoned!
 You hit the killer bee.
 The killer bee stings!
 You hit the killer bee.
 The killer bee stings!
 The killer bee stings!
 The killer bee stings!
 The killer bee stings!
 The killer bee just misses!
 The killer bee stings!
 The killer bee misses!
 What do you want to zap? [hnqA or ?*] ?
 In what direction? 6
 The wand misses the killer bee.
 The killer bee stings!
 The wand misses the killer bee.
 The killer bee misses!
 The killer bee misses!
 The killer bee stings!
 The killer bee stings!
 What do you want to write with? [- ahnqvzAB or ?*] -
 You write in the dust with your fingertip.
 What do you want to write in the dust here? Elbereth
 The killer bee turns to flee.
 What do you want to drink? [dsF or ?*] d
 This burns like acid!
 You die...
 Do you want your possessions identified? [ynq] (y) y
 Do you want to see your attributes? [ynq] (y) y
 Do you want an account of creatures vanquished? [ynaq] (y) y
 Do you want to see your conduct and achievements? [ynq] (y) y
 Do you want to see the dungeon overview? [ynq] (y) y

Inventory:
 Coins    ('$')
  $ - 345 gold pieces
 Weapons  (')')
  a - a blessed corroded +5 mace (alternate weapon; not wielded)
 Armor    ('[')
  D - a +0 orcish helm (being worn)
  p - a +0 pair of iron shoes (being worn)
  c - a +0 small shield (being worn)
  b - a +0 robe (being worn)
  G - a cursed -2 studded leather armor (being worn)
 Comestibles  ('%')
  e - 2 cloves of garlic
  K - 3 food rations
  f - a sprig of wolfsbane
  L - a lichen corpse
 Scrolls  ('?')
  I - a blessed scroll of blank paper
  w - a scroll of confuse monster
  y - a blessed scroll of enchant weapon
  j - a scroll of gold detection
  x - a scroll of identify
  t - a scroll of stinking cloud
 Spellbooks  ('+')
  C - a spellbook of confuse monster
 Potions  ('!')
  d - a potion of holy water
  s - a potion of water
  F - a potion of water
 Rings    ('=')
  v - a ring of teleport control
 Wands    ('/')
  A - a wand of light (0:10)
  n - a wand of polymorph (0:5)
  h - a wand of speed monster (0:4)
  q - a wand of striking (0:1)
 Tools    ('(')
  i - a wooden flute
 Gems/Stones  ('*')
  B - a worthless piece of yellowish brown glass
  z - a touchstone

DiePARTEI the Priestess's attributes:

Background:
 You were an Adept, a level 6 elven Priestess.
 You were chaotic, on a mission for Anhur
 who was opposed by Ptah (lawful) and Thoth (neutral).
 You were right-handed.
 You were in the Dungeons of Doom, on level 7.
 You entered the dungeon 2956 turns ago.
 You had 410 experience points, 230 more were needed to attain level 7.

Basics:
 You had 0 out of 49 hit points.
 You had all 100 energy points (spell power).
 Your armor class was 3.
 Your wallet contained 345 zorkmids.
 Autopickup was off.

Final Characteristics:
 Your strength was 5 (peak:11, limit:18).
 Your dexterity was 12 (limit:18).
 Your constitution was 14 (limit:16).
 Your intelligence was 10 (limit:20).
 Your wisdom was 18 (limit:20).
 Your charisma was 11 (limit:18).

Final Status:
 You weren't hungry.
 You were burdened; movement was slightly slowed.
 You were bare handed.
 You were unskilled in bare handed combat.

Final Attributes:
 You were piously aligned.
 You were sleep resistant.
 You were telepathic.
 You had infravision.
 You were guarded.
 Your spell casting was enhanced by wearing a robe.
 You are dead.

Miscellaneous:
 You didn't encounter any bones levels.
 Total elapsed playing time was 1 hour, 2 minutes and 8 seconds.

Major events:
 Turn
    1: DiePARTEI the chaotic elven Priestess entered the dungeon
 1557: attained the rank of Acolyte (level 3)
 2783: attained the rank of Adept (level 6)
 2956: killed by a potion of holy water

Spells:
 Name                 Level Category     Fail Retention
 protection             1   clerical       0%   81%-90%
 cure sickness          3   healing       73%  76%-100%

Skills:
 Fighting Skills
   bare handed combat [Unskilled]
 Weapon Skills
   club               [Unskilled]
   mace               [Basic]
   morning star       [Unskilled]
   flail              [Unskilled]
   hammer             [Unskilled]
   quarterstaff       [Unskilled]
   polearms           [Unskilled]
   spear              [Unskilled]
   trident            [Unskilled]
   lance              [Unskilled]
   bow                [Unskilled]
   sling              [Unskilled]
   crossbow           [Unskilled]
   dart               [Unskilled]
   shuriken           [Unskilled]
   boomerang          [Unskilled]
   unicorn horn       [Unskilled]
 Spellcasting Skills
   healing spells     [Unskilled]
   divination spells  [Unskilled]
   clerical spells    [Basic]

Voluntary challenges:
 Character rerolling was not enabled.
 You never genocided any monsters.
 You never polymorphed an object.
 You never changed form.
 You used no wishes.
Achievements:
 You entered a shop.
 You attained the rank of Acolyte.
 You attained the rank of Adept.

 The Dungeons of Doom: levels 1 to 7
    Level 1:
       A fountain.
    Level 2:
       A scroll shop, a fountain.
    Level 3:
       Many fountains.
    Level 4:
       A fountain.
    Level 5:
    Level 6:
       A general store.
    Level 7: <- You were here.
       Some fountains.
       Final resting place for
          you, killed by a potion of holy water.


Vanquished creatures:
  a small mimic
  3 Uruk-hai
  a rock mole
  a shrieker
  a floating eye
  a homunculus
  4 rothes
  2 giant bats
  7 killer bees
 an acid blob
  2 manes
  a large kobold
  2 giant rats
  2 cave spiders
  a yellow mold
  3 geckos
  a jackal
  a kobold
  3 grid bugs
  3 lichens
  2 kobold zombies
  9 newts
52 creatures vanquished.

No species were genocided or became extinct.

Game over:
                       ----------
                      /          \
                     /    REST    \
                    /      IN      \
                   /     PEACE      \
                  /                  \
                  |    DiePARTEI     |
                  |      345 Au      |
                  |   killed by a    |
                  |  potion of holy  |
                  |      water       |
                  |                  |
                  |       2026       |
                 *|     *  *  *      | *
        _________)/\\_//(\/(/\)/\//\/|_)_______

Goodbye DiePARTEI the Priestess...

You died in The Dungeons of Doom on dungeon level 7 with 2281 points,
and 345 pieces of gold, after 2956 moves.
You were level 6 with a maximum of 49 hit points when you died.

